 Dungeon Crawl Stone Soup version 0.28-a0-1312-g71652a0310 (webtiles) character file.

Game seed: 5473132662017318140

40200 agentchuck the Warrior (level 14, -23/135 HPs)
             Began as a Ghoul Gladiator on Dec 25, 2021.
             Was a High Priest of Makhleb.
             Annihilated by a minotaur (28 damage)
             ... in a Gauntlet on Dec 27, 2021.
             The game lasted 00:56:13 (19143 turns).

agentchuck the Warrior (Ghoul Gladiator)           Turns: 19143, Time: 00:56:14

Health: -23/135    AC: 21    Str: 20 (23) XL:     14   Next: 9%
Magic:  18/18      EV:  7    Int:  5 (8)  God:    Makhleb [*****.]
Gold:   554        SH:  0    Dex:  8 (10) Spells: 13/13 levels left

rFire   + . .      SeeInvis .   w - +2 war axe (venom)
rCold   + . .      Faith    .   (no shield)
rNeg    + + +      Spirit   .   a - +0 plate armour
rPois   ∞          Reflect  .   L - +0 helmet "Giafech" {*Corrode rElec Int+5}
rElec   +          Harm     .   J - +2 cloak {Will+}
rCorr   .          Rampage  .   (no gloves)
Will    ++...      NoTele   +   I - +1 pair of boots {Stlth+}
Stlth   ..........              g - amulet of regeneration
HPRegen 0.00/turn               F - ring of protection from fire
MPRegen 0.16/turn               (no ring)

@: inhibited regen
A: claws 1, cold resistance 1, negative energy resistance 3, inhibited
regeneration, torment resistance 2
a: Renounce Religion, Minor Destruction, Lesser Servant of Makhleb, Major
Destruction, Greater Servant of Makhleb


You were in a Gauntlet.
You worshipped Makhleb.
Makhleb was extremely pleased with you.
You visited 3 branches of the dungeon, and saw 19 of its levels.
You visited the Abyss 1 time.
You also visited: Gauntlet.

You collected 932 gold pieces.
You spent 378 gold pieces at shops.


Innate Abilities, Weirdness & Mutations

You thrive by killing the living.
You are immune to poison.
You have sharp fingernails.
Your flesh is cold resistant. (rC+)
You are immune to negative energy. (rN+++)
You do not regenerate when monsters are visible.
You are immune to unholy pain and torment.


   Skills:
 * Level 15.1 Fighting
 * Level 13.1 Axes
 - Level 4.6 Throwing
 + Level 9.1 Armour
 + Level 5.5 Dodging
 + Level 7.4 Invocations
 - Level 2.3 Evocations


You had 13 spell levels left.
You didn't know any spells.
Your spell library contained the following spells:

 Spells                   Type           Power      Damage    Failure   Level
 Sandblast                Erth           0%         2d4       100%        1
 Corpse Rot               Necr/Air       0%         N/A       100%        2
 Passwall                 Tmut/Erth      0%         N/A       100%        2
 Ozocubu's Armour         Ice            0%         N/A       100%        3
 Stone Arrow              Conj/Erth      0%         3d7       100%        3
 Tukima's Dance           Hex            0%         N/A       100%        3
 Airstrike                Air            0%         N/A       100%        4
 Dispel Undead            Necr           0%         3d6       100%        4
 Hailstorm                Conj/Ice       0%         3d3       100%        4
 Passage of Golubria      Tloc           0%         N/A       100%        4
 Summon Lightning Spire   Summ/Air       0%         N/A       100%        4
 Alistair's Intoxication  Tmut/Pois      0%         N/A       100%        5
 Borgnjor's Vile Clutch   Necr/Erth      0%         N/A       100%        5
 Fireball                 Conj/Fire      0%         3d3       100%        5
 Iskenderun's Battlesphe  Conj           0%         2d6       100%        5
 Lightning Bolt           Conj/Air       0%         1d11      100%        5
 Metabolic Englaciation   Hex/Ice        0%         N/A       100%        5
 Yara's Violent Unravell  Hex/Tmut       0%         3d3       100%        5
 Conjure Ball Lightning   Conj/Air       0%         3x3d6     100%        6
 Death Channel            Necr           0%         N/A       100%        6
 Eringya's Noxious Bog    Tmut/Pois      0%         N/A       100%        6
 Simulacrum               Ice/Necr       0%         N/A       100%        6
 Orb of Destruction       Conj           0%         N/A       100%        7
 Chain Lightning          Conj/Air       0%         N/A       100%        9
 Fire Storm               Conj/Fire      0%         5d1       100%        9
 Shatter                  Erth           0%         3d5*      100%        9
 Ice Form                 Ice/Tmut       Unusable   N/A       N/A         4

Inventory:

Hand Weapons
 e - the +5 hunting sling of Juoxuess {freeze, rPois Str+8 Dex-3 SInv}
   (You found it on level 5 of the Dungeon)

   Any ammunition fired from it freezes those it strikes, dealing additional
   cold damage.
   It can also slow down cold-blooded creatures.
   Str:       It affects your strength (+8).
   Dex:       It affects your dexterity (-3).
   rPois:     It protects you from poison.
   SInv:      It lets you see invisible.
 q - the +7 executioner's axe of War {vorpal, rF+++ Int-5 Dex-3 SInv}
   (You acquired it on level 3 of the Lair of Beasts)

   It inflicts extra damage upon your enemies.
   Int:       It affects your intelligence (-5).
   Dex:       It affects your dexterity (-3).
   rF:        It renders you almost immune to fire.
   SInv:      It lets you see invisible.
 w - a +2 war axe of venom (weapon)
Missiles
 d - 2 curare-tipped darts (quivered) {=f}
 t - 8 javelins
 y - 100 sling bullets
 z - 45 poisoned darts
Armour
 a - a +0 plate armour (worn)
 I - a +1 pair of boots of stealth (worn)
 J - a +2 cloak of willpower (worn)
 L - the +0 helmet "Giafech" (worn) {*Corrode rElec Int+5}
   (You found it on level 11 of the Dungeon)

   Int:       It affects your intelligence (+5).
   rElec:     It insulates you from electricity.
   *Corrode:  It may corrode you when you take damage.
Magical Staves
 h - a staff of poison
 R - a staff of cold
Jewellery
 g - an amulet of regeneration (around neck)
 i - an amulet of magic regeneration
 p - the amulet "Hyofesa" {RegenMP +Inv rElec Str+2 Dex-2}
   (You found it on level 2 of the Abyss)

   [amulet of magic regeneration]

   It increases your rate of magic regeneration.
   Str:       It affects your strength (+2).
   Dex:       It affects your dexterity (-2).
   rElec:     It insulates you from electricity.
   +Inv:      It lets you turn invisible.
 F - a ring of protection from fire (left claw)
 Q - an amulet of reflection
 S - the amulet of the Three Planets {Reflect rPois Str+3 Int+4 Dex-4 SH+5}
   (You found it in a Gauntlet)

   [amulet of reflection]

   It reflects blocked missile attacks.
   Str:       It affects your strength (+3).
   Int:       It affects your intelligence (+4).
   Dex:       It affects your dexterity (-4).
   rPois:     It protects you from poison.
   SH:        It affects your SH (+5).
Wands
 s - a wand of acid (5)
 B - a wand of flame (22)
 D - a wand of paralysis (15)
 K - a wand of iceblast (16)
 O - a wand of polymorph (7)
Scrolls
 b - a scroll of blinking
 f - a scroll of torment {unknown}
 l - a scroll of immolation {!r}
 u - a scroll of vulnerability {!r}
 v - 2 scrolls of enchant weapon
 x - 2 scrolls of teleportation {@r4}
 C - 2 scrolls of fog
 H - a scroll of silence {!r}
Potions
 k - a potion of cancellation
 m - 2 potions of haste {@q3}
 n - a potion of invisibility
 o - a potion of attraction {!q}
 r - 2 potions of magic
 A - 5 potions of brilliance
 E - a potion of lignification {unknown}
 G - a potion of might {unknown}
Miscellaneous
 P - a tin of tremorstones (1/2)

Dungeon Overview and Level Annotations

Branches:
Dungeon (12/15)            Temple (1/1) D:6            Lair (5/6) D:11
 Shoals (0/4) Lair:4       Spider (0/4) Lair:4          Orc (0/2) D:10
Gauntlet (1/1)
  Slime: Lair:5-6

Altars:
Ashenzari
Cheibriados
Dithmenos
Elyvilon
Fedhas
Gozag
Hepliaklqana
Kikubaaqudgha
Makhleb
Nemelex Xobeh
Okawaru
Qazlal
Ru
Sif Muna
Trog
Uskayaw
Vehumet
Wu Jian
Xom
Yredelemnul
Zin
The Shining One

Shops:
D:1 (   D:11 ([

Annotations:
D:4 3 runed translucent doors, exclusion: 3 doors, BunnyKimber's ghost, amateur TrMo Gauntlet 6 transporters

▒▒▒▒▒▒▒▒▒▒▒▒▒
▒...........▒
▒..▓▓▓▓▓▓▓▓.▒
▒▒.▓..▓..H.▓.▒▒
▒..▓.░░.░░@▓..▒
▒.▓▓.░8 ░.▓▓.▒
▒.▓..░ ░..▓.▒
▒.▓.░░ ░░.▓.▒
▒.▓.░░░░░░░.▓.▒
▒.▓.........▓.▒
▒.▓▓▓▓▓▓▓▓▓▓▓.▒
▒.........▒...▒
▓▓▒▒▒▒▒▒▒.▒▒▒▒▒▒▒


You could see a minotaur (very poisoned).


Message History

Your smoke demon disappears in a puff of smoke!
Use which ability? (? or * to list)
Aiming: Minor Destruction (0% risk of failure)
Press: ? - help, Shift-Dir - straight line, f/p - minotaur
Aim: a minotaur, wielding the +7 sceptre of Torment {pain, torment}, wearing a +0 plate armour, wearing the amulet "Talolo" {Reflect *Corrode rF+++ rN++ Int-2 SH+5} and quivering javelins (severely wounded, extremely poisoned)
The zap hits the minotaur but does no damage.
The minotaur is severely wounded.
The minotaur blocks your attack.
The minotaur is severely wounded.
The minotaur hits you with the +7 sceptre of Torment {pain, torment}!!
You feel a surge of unholy energy.
The minotaur gores you but does no damage.
You hit the minotaur but do no damage.
The minotaur is severely wounded.
The minotaur hits you with the +7 sceptre of Torment {pain, torment}!!!
* * * LOW HITPOINT WARNING * * *
You feel a surge of unholy energy. The minotaur gores you!
* * * LOW HITPOINT WARNING * * *
Your plate armour prevents you from hitting the minotaur.
The minotaur furiously retaliates!
The minotaur headbutts you, but does no damage.
The minotaur is severely wounded.
The minotaur hits you with the +7 sceptre of Torment {pain, torment}!
* * * LOW HITPOINT WARNING * * *
The minotaur gores you.
* * * LOW HITPOINT WARNING * * *
The minotaur blocks your attack.
The minotaur is severely wounded.
The minotaur hits you with the +7 sceptre of Torment {pain, torment}!!
You die...

Skill      XL: |  1  2  3  4  5  6  7  8  9 10 11 12 13 |
---------------+----------------------------------------+-----
Axes           | 3 4 5 7 8 9 10 12 13 | 13.1
Fighting       | 3 4 5 6 8 10 11 12 13 15 | 15.1
Armour         | 1 2 3 4 5 6 7 8 9 |  9.1
Dodging        | 4 5 |  5.5
Invocations    | 3 5 7 |  7.4
Evocations     | 2 |  2.3
Throwing       | 2 4 |  4.6

Action                   |  1- 3 |  4- 6 |  7- 9 | 10-12 | 13-15 || total
-------------------------+-------+-------+-------+-------+-------++-------
Melee: War axe           |    90 |   190 |   185 |   571 |   179 ||  1215
       Executioner's axe |       |       |       |       |   166 ||   166
 Fire: Hunting sling     |       |       |    77 |    59 |    16 ||   152
Throw: Stone             |       |     7 |     2 |     4 |       ||    13
       Throwing net      |       |     2 |     1 |     1 |       ||     4
       Dart              |       |       |     6 |     4 |       ||    10
Invok: Lesser Servant of |       |       |       |       |     7 ||     7
       Minor Destruction |       |       |       |       |     1 ||     1
Evoke: Wand              |       |       |       |     5 |     2 ||     7
       Tin of tremorston |       |       |       |       |     2 ||     2
  Use: Scroll            |       |     6 |     8 |     6 |     8 ||    28
       Potion            |       |     2 |       |     1 |    10 ||    13
 Stab: Held in net/web   |       |     1 |       |       |       ||     1
       Paralysed         |       |       |       |     4 |     2 ||     6
       Petrifying        |       |       |       |       |     2 ||     2
       Distracted        |       |       |       |       |     1 ||     1
Armor: Chain mail        |    60 |    44 |       |       |       ||   104
       Leather armour    |     1 |       |       |       |       ||     1
       Plate armour      |       |    92 |   154 |   439 |   255 ||   940
Dodge: Dodged            |    39 |    61 |    80 |   280 |   138 ||   598

Levels and vault maps discovered:
D:1:      wander_arrival_peaceful_grave, layout_loops_ring, serial_shops,
          nicolae_shop_advertising_works [nicolae_subvault_shop_adworks],
          st_stairs_7, nicolae_figureground_pulse
D:2:      layout_basic, basic_altar
D:3:      layout_basic
D:4:      layout_basic, grunt_gozag_breadcrumbs,
          nicolae_qazlal_scattered_showers,
          chequers_temple_overflow_statue_of_worship, gammafunk_ghost_necromancy
D:5:      layout_cave_pools
D:6:      cheibrodos_quashed, layout_loops_ring, general_overflow_altar,
          temple_fountains
D:7:      layout_rooms, pf_just_have_faith
D:8:      layout_loops_ring, grunt_temple_overflow_open, uniq_joseph
D:9:      layout_irregular_city, riverfiend_overflow_shadow_ancestor
D:10:     layout_small_grid, kennysheep_orc_monster_closet_entryway, uniq_maggie
D:11:     layout_roguey, lair_entry_dummy, serial_shops,
          nicolae_shop_bloodbath_and_beyond, nicolae_stop_n_shop_2,
          serial_bayou_crossing, uniq_psyche
D:12:     layout_small_grid, minmay_puff
Temple:   minmay_temple_bridge_abc
Lair:1:   layout_loops_ring, grunt_forest_large_clearings,
          infiniplex_staircase_pool_2, lemuel_fruit_tree
Lair:2:   layout_regular_city
Lair:3:   layout_regular_city, grunt_megastairs_2
Lair:4:   layout_hall_layers, shoals_dummy_entry,
          nicolae_spider_entry_non_spiders
Lair:5:   layout_cave_pods, slime_altar_1
Lair:6:   gammafunk_lair_ancient_temple, layout_misc_corridors,
          gauntlet_entry_generic, chequers_serial_rivers_micro_b,
          serial_bayou_ford_a, chequers_serial_rivers_micro_e
Gauntlet: minmay_gauntlet_77_indecision [minmay_gauntlet_arena_77_box,
          minmay_gauntlet_arena_77_hold_the_fort,
          minmay_gauntlet_arena_77_squiggly,
          minmay_gauntlet_arena_77_chump_sandwich, minmay_gauntlet_arena_77_fan,
          minmay_gauntlet_arena_77_double_cross,
          dreamdust_gauntlet_exit_labyrinth]

Notes
Turn   | Place    | Note
-------+----------+-------------------------------------------
     0 | D:1      | agentchuck the Ghoul Gladiator began the quest for the Orb.
     0 | D:1      | Reached XP level 1. HP: 17/17 MP: 0/0
   264 | D:1      | Reached XP level 2. HP: 25/25 MP: 1/1
   309 | D:1      | Reached skill level 3 in Axes
   642 | D:1      | Found Geem's Antique Weapon Emporium.
   919 | D:2      | Reached XP level 3. HP: 30/30 MP: 2/2
   999 | D:2      | Reached skill level 3 in Fighting
  1034 | D:2      | Reached skill level 1 in Armour
  1250 | D:1      | Reached XP level 4. HP: 28/38 MP: 3/3
  1536 | D:2      | Found an ancient bone altar of Kikubaaqudgha.
  2348 | D:3      | Reached XP level 5. HP: 21/46 MP: 4/4
  2648 | D:4      | Found a stormy altar of Qazlal.
  2650 | D:4      | Noticed a sky beast
  2685 | D:3      | Reached skill level 4 in Fighting
  2887 | D:4      | You fall into a shaft and drop 1 floor!
  2887 | D:5      | Entered Level 5 of the Dungeon
  2957 | D:4      | Noticed a phantom
  3822 | D:4      | Reached skill level 4 in Axes
  3835 | D:4      | Found a burning altar of Makhleb.
  3843 | D:4      | Became a worshipper of Makhleb the Destroyer
  3934 | D:4      | Killed a sky beast
  3935 | D:4      | Reached skill level 2 in Armour
  3935 | D:4      | Reached XP level 6. HP: 24/53 MP: 5/5
  4358 | D:4      | Noticed a necrophage
  4375 | D:4      | Killed a necrophage
  4376 | D:4      | Reached skill level 5 in Fighting
  4467 | D:4      | Found a runed translucent gate.
  4467 | D:4      | Found a runed translucent gate.
  4467 | D:4      | Found a runed translucent gate.
  4470 | D:4      | Noticed BunnyKimber's ghost (amateur TrMo)
  4622 | D:4      | Found an opulent altar of Gozag.
  4824 | D:5      | Identified the +5 hunting sling of Juoxuess {freeze, rPois
                  | Str+8 Dex-3 SInv}
  4846 | D:5      | Noticed a water moccasin
  4870 | D:5      | Killed a water moccasin
  4871 | D:5      | Reached skill level 5 in Axes
  4871 | D:5      | Reached XP level 7. HP: 31/61 MP: 6/6
  5622 | D:6      | Reached skill level 6 in Fighting
  5622 | D:6      | Reached skill level 3 in Armour
  5667 | D:6      | Found a staircase to the Ecumenical Temple.
  5689 | Temple   | Entered the Ecumenical Temple
  6125 | D:6      | Reached XP level 8. HP: 71/71 MP: 7/7
  6263 | D:6      | Found a hide-covered altar of Uskayaw.
  6450 | D:7      | Found an iron altar of Okawaru.
  6495 | D:7      | Reached skill level 6 in Axes
  6519 | D:7      | Reached * piety under Makhleb
  6546 | D:7      | Noticed a hornet
  6576 | D:6      | Killed a hornet
  6577 | D:6      | Reached skill level 7 in Fighting
  6912 | D:7      | Reached skill level 4 in Armour
  6922 | D:7      | Noticed a gargoyle
  7183 | D:6      | Upgraded the game from 0.28-a0-1236-gb25a51b929 to
                  | 0.28-a0-1286-g6bde065e89
  7206 | D:6      | Killed a gargoyle
  7207 | D:6      | Reached skill level 8 in Fighting
  7207 | D:6      | Reached skill level 7 in Axes
  7207 | D:6      | Reached XP level 9. HP: 43/81 MP: 8/8
  7955 | D:1      | Bought a glowing war axe for 123 gold pieces
  8396 | D:8      | Noticed Joseph
  8405 | D:8      | Killed Joseph
  8406 | D:8      | Reached skill level 9 in Fighting
  8660 | D:8      | Reached skill level 5 in Armour
  8680 | D:8      | Reached skill level 8 in Axes
  9099 | D:8      | Found an ornate altar of the Wu Jian Council.
  9452 | D:9      | Reached ** piety under Makhleb
  9711 | D:9      | Found a shadowy altar of Dithmenos.
  9724 | D:9      | Found a hazy altar of Hepliaklqana.
  9773 | D:9      | Noticed a two-headed ogre
  9815 | D:9      | Killed a two-headed ogre
  9816 | D:9      | Reached skill level 10 in Fighting
  9816 | D:9      | Reached XP level 10. HP: 59/93 MP: 9/9
 10090 | D:9      | Identified the +6 dagger of Currency {vorpal, Stlth+}
 10499 | D:10     | Entered Level 10 of the Dungeon
 10500 | D:10     | Noticed Maggie
 10513 | D:10     | Killed Maggie
 10514 | D:10     | Reached skill level 9 in Axes
 10514 | D:10     | Reached skill level 3 in Dodging
 10842 | D:10     | Reached skill level 6 in Armour
 11097 | D:10     | Found a staircase to the Orcish Mines.
 11200 | D:10     | Reached skill level 11 in Fighting
 11446 | D:10     | HP: 6/95 [troll (5)]
 11887 | D:11     | Found Guiroebi's Antique Armour Boutique.
 11890 | D:11     | Bought a glowing cloak for 255 gold pieces
 11949 | D:11     | Reached skill level 4 in Dodging
 11949 | D:11     | Reached XP level 11. HP: 95/102 MP: 10/10
 12303 | D:11     | Noticed a cyclops
 12326 | D:11     | Killed a cyclops
 12327 | D:11     | Reached skill level 10 in Axes
 12327 | D:11     | Reached skill level 1 in Invocations
 12327 | D:11     | Reached skill level 1 in Evocations
 12391 | D:11     | Found Duihoi's Weapon Shoppe.
 12523 | D:11     | Found a staircase to the Lair.
 12561 | D:11     | Identified the +0 helmet "Giafech" {*Corrode rElec Int+5}
 12614 | D:11     | Noticed Psyche
 12623 | D:11     | Killed Psyche
 12797 | D:11     | Noticed a boulder beetle
 12815 | D:11     | Killed a boulder beetle
 12816 | D:11     | Reached skill level 2 in Invocations
 12933 | D:12     | Noticed a deep elf pyromancer
 12960 | D:12     | Reached *** piety under Makhleb
 13015 | Lair:1   | Entered Level 1 of the Lair of Beasts
 13068 | Lair:1   | Reached skill level 12 in Fighting
 13068 | Lair:1   | Reached skill level 2 in Evocations
 13150 | Lair:1   | Reached skill level 7 in Armour
 13195 | Lair:1   | Noticed a four-headed hydra
 13211 | Lair:1   | Killed a four-headed hydra
 13212 | Lair:1   | Reached skill level 2 in Throwing
 13212 | Lair:1   | Reached skill level 3 in Invocations
 13325 | Lair:1   | You fall into a shaft and drop 1 floor!
 13713 | Lair:1   | Reached XP level 12. HP: 113/113 MP: 13/13
 13880 | Lair:1   | Reached skill level 11 in Axes
 13891 | Lair:1   | Reached skill level 4 in Invocations
 13892 | Lair:1   | Reached **** piety under Makhleb
 13900 | Lair:1   | Reached skill level 3 in Throwing
 14482 | Lair:2   | Reached skill level 13 in Fighting
 14775 | Lair:2   | Noticed a four-headed hydra
 14788 | Lair:1   | Upgraded the game from 0.28-a0-1286-g6bde065e89 to
                  | 0.28-a0-1312-g71652a0310
 14936 | Lair:2   | Killed a four-headed hydra
 15049 | Lair:2   | Reached skill level 5 in Invocations
 15090 | Lair:2   | Reached skill level 4 in Throwing
 15308 | Lair:2   | Noticed a four-headed hydra
 15316 | Lair:2   | Killed a four-headed hydra
 15317 | Lair:2   | Reached skill level 8 in Armour
 15652 | Lair:3   | Noticed a death yak
 15692 | Lair:3   | Killed a death yak
 15706 | Lair:3   | Noticed a death yak
 15707 | Lair:3   | Noticed a death yak
 15707 | Lair:3   | Noticed a death yak
 15707 | Lair:3   | Noticed a death yak
 15738 | Lair:3   | Killed a death yak
 15739 | Lair:3   | Reached skill level 12 in Axes
 15739 | Lair:3   | Reached XP level 13. HP: 115/123 MP: 16/16
 15762 | Lair:3   | Reached skill level 14 in Fighting
 15782 | Lair:3   | Reached skill level 6 in Invocations
 16154 | Lair:3   | Reached ***** piety under Makhleb
 16359 | Lair:3   | Identified a scroll of acquirement
 16359 | Lair:3   | Acquired the +7 executioner's axe of War {vorpal, rF+++
                  | Int-5 Dex-3 SInv}
 16801 | Lair:4   | Found a hole to the Spider Nest.
 17123 | Lair:4   | Found a staircase to the Shoals.
 17745 | Lair:5   | You fall into a shaft and drop 1 floor!
 17745 | Lair:6   | Entered Level 6 of the Lair of Beasts
 17745 | Lair:6   | Found a gate leading to a gauntlet.
 17749 | Gauntlet | Entered a Gauntlet
 17749 | Gauntlet | Found a transporter.
 17749 | Gauntlet | Found a transporter.
 17767 | Gauntlet | Found a transporter.
 17770 | Gauntlet | Found a transporter.
 17787 | Gauntlet | Found a transporter.
 17795 | Gauntlet | Found a transporter.
 17799 | Gauntlet | Found a transporter.
 17808 | Gauntlet | Found a transporter.
 17824 | Gauntlet | Found a transporter.
 17838 | Gauntlet | Found a transporter.
 17842 | Gauntlet | Found a transporter.
 17850 | Gauntlet | Found a transporter.
 17905 | Gauntlet | You are cast into the Abyss!
 17905 | Gauntlet | Cast into level 2 of the Abyss (a wizard)
 17977 | Abyss:2  | Noticed a red very ugly thing
 17987 | Abyss:2  | Killed a red very ugly thing
 18028 | Abyss:2  | Reached skill level 5 in Dodging
 18144 | Abyss:2  | Noticed a tentacled starspawn
 18181 | Abyss:2  | Identified the amulet "Hyofesa" {RegenMP +Inv rElec Str+2
                  | Dex-2}
 18185 | Abyss:2  | Noticed a purple very ugly thing
 18185 | Abyss:2  | Noticed an ironbound thunderhulk
 18226 | Abyss:2  | Reached skill level 7 in Invocations
 18396 | Abyss:2  | Noticed a balrug
 18397 | Abyss:2  | Noticed a frost giant
 18422 | Abyss:2  | Noticed a green death
 18428 | Abyss:2  | Killed a green death
 18429 | Abyss:2  | Reached skill level 9 in Armour
 18451 | Abyss:2  | Reached skill level 15 in Fighting
 18451 | Abyss:2  | Reached skill level 13 in Axes
 18451 | Abyss:2  | Reached XP level 14. HP: 97/135 MP: 18/18
 18482 | Gauntlet | You pass through the gate.
 18482 | Gauntlet | Escaped the Abyss
 18552 | Gauntlet | Identified the amulet of the Three Planets {Reflect rPois
                  | Str+3 Int+4 Dex-4 SH+5}
 18719 | Gauntlet | Lost intelligence.
 18924 | Gauntlet | HP: 10/135 [flying skull (4)]
 18924 | Gauntlet | HP: 4/135 [flying skull (6)]
 19126 | Gauntlet | Identified the amulet "Talolo" {Reflect *Corrode rF+++ rN++
                  | Int-2 SH+5}
 19141 | Gauntlet | HP: 6/135 [minotaur (14)]
 19143 | Gauntlet | Annihilated by a minotaur

Vanquished Creatures
  A very ugly thing (Abyss:2)
  A green death (Abyss:2)
  A catoblepas (Lair:4)
  A boulder beetle (D:11)
  5 hydras
  A two-headed ogre (D:9)
  5 death yaks (Lair:3)
  A thrashing horror (Abyss:2)
  A shadow wraith (Abyss:2)
  A wizard (Gauntlet)
  3 elephants (Lair:3)
  2 worldbinders (Abyss:2)
  A cyclops (D:11)
  A guardian serpent (Abyss:2)
  A gargoyle (D:6)
  2 black mambas
  Joseph (D:8)
  Maggie (D:10)
  8 cane toads
  2 rime drakes
  2 unseen horrors
  2 komodo dragons
  Psyche (D:11)
  4 trolls
  4 hornets
  4 blink frogs
  6 flying skulls (Gauntlet)
  2 vampires
  2 wyverns
  40 yaks
  A ynoxinul (Abyss:2)
  4 basilisks
  2 chaos spawn (Abyss:2)
  A steam dragon (D:7)
  5 large abominations (Abyss:2)
  A neqoxec (Abyss:2)
  8 water moccasins
  3 sky beasts
  A black bear (Lair:4)
  6 orc warriors (D:10)
  An ice beast (D:7)
  5 ogres
  2 necrophages
  39 wolves
  6 centaurs
  6 kobold brigands
  8 bullfrogs
  2 gnoll sergeants (D:10)
  2 small abominations (Abyss:2)
  7 scorpions
  4 wights (D:9)
  5 centaur zombies
  9 howler monkeys
  A jelly (D:5)
  A gnoll shaman (D:7)
  2 orc priests
  A hound (D:6)
  A bullfrog skeleton (D:5)
  2 orc wizards
  A killer bee zombie (D:3)
  A hound skeleton (D:4)
  4 howler monkey zombies
  5 adders
  11 gnolls
  2 howler monkey skeletons
  2 shadow imps (Gauntlet)
  2 white imps
  An ufetubus (Abyss:2)
  2 adder skeletons
  2 worms (Lair:4)
  3 dart slugs
  22 orcs
  8 ball pythons
  2 endoplasms (D:1)
  4 giant cockroaches
  3 goblins
  4 hobgoblins (D:1)
  4 quokkas
  3 bats (D:2)
  5 frilled lizards
  12 kobolds
  A rat (D:1)
347 creatures vanquished.

Vanquished Creatures (collateral kills)
  A flying skull (Gauntlet)
  A wraith (Abyss:2)
  A small abomination (Abyss:2)
3 creatures vanquished.

Vanquished Creatures (others)
  2 large abominations (Abyss:2)
  An orc wizard (D:4)
  A bush (Lair:2)
  20 fungi
  23 plants
47 creatures vanquished.

Grand Total: 397 creatures vanquished

Table legend: (Time is in decaauts)
 A = Elapsed time spent in this place.
 B = Non-inter-level travel time spent in this place.
 C = Inter-level travel time spent in this place.
 D = Time resting spent in this place.
 E = Time spent auto-exploring this place.
 F = Levels seen in this place.
 G = Mean time per level.
                   A        B        C        D        E       F      G
               +--------+--------+--------+--------+--------+-----+--------+
         Total |  19295 |  18396 |    899 |   4775 |   7544 |  21 |  918.8 |
       Dungeon |  12965 |  12215 |    750 |   3572 |   5354 |  12 | 1080.4 |
        Temple |    195 |    172 |     23 |      0 |    168 |   1 |  195.0 |
          Lair |   4725 |   4600 |    125 |    787 |   1920 |   6 |  787.5 |
         Abyss |    586 |    586 |      0 |     64 |      0 |   1 |  586.0 |
      Gauntlet |    821 |    821 |      0 |    351 |    101 |   1 |  821.0 |
               +--------+--------+--------+--------+--------+-----+--------+

Top non-repeatable levels by time:
     D:3: 1505 daAuts
    D:10: 1493 daAuts
     D:4: 1474 daAuts
  Lair:1: 1390 daAuts
     D:6: 1382 daAuts
     D:9: 1231 daAuts
     D:8: 1084 daAuts
  Lair:2: 1080 daAuts
  Lair:3: 1079 daAuts
     D:1: 1078 daAuts
     D:2: 1070 daAuts
  Lair:4: 1005 daAuts
    D:11: 980 daAuts
     D:5: 829 daAuts
Gauntlet: 821 daAuts

Table legend:
 A = Non-vault XP
 B = Vault XP
 C = Vault XP percentage of total XP
 D = Non-vault monster count
 E = Vault monster count
 F = Vault count percentage of total count
                 A         B        C        D         E       F
            +---------+---------+-------+---------+---------+-------
      Total |   44141 |   13288 |  23.1 |     267 |      84 |  23.9
            +---------+---------+-------+---------+---------+-------
        D:1 |      40 |       1 |   2.4 |      16 |       1 |   5.9
        D:2 |      82 |       0 |   0.0 |      18 |       0 |   0.0
        D:3 |      93 |       0 |   0.0 |      12 |       0 |   0.0
        D:4 |     331 |       0 |   0.0 |      15 |       0 |   0.0
        D:5 |     277 |       0 |   0.0 |       7 |       0 |   0.0
        D:6 |    1172 |       0 |   0.0 |      13 |       0 |   0.0
        D:7 |    1141 |       0 |   0.0 |      21 |       0 |   0.0
        D:8 |     343 |     434 |  55.9 |      14 |       1 |   6.7
        D:9 |    1786 |       0 |   0.0 |      14 |       0 |   0.0
       D:10 |    1005 |    2407 |  70.5 |      11 |      21 |  65.6
       D:11 |    3234 |     353 |   9.8 |      10 |       1 |   9.1
       D:12 |     611 |       0 |   0.0 |       2 |       0 |   0.0
     Lair:1 |    6142 |    3249 |  34.6 |      28 |      28 |  50.0
     Lair:2 |    6928 |       0 |   0.0 |      29 |       0 |   0.0
     Lair:3 |    9039 |    2220 |  19.7 |      22 |       8 |  26.7
     Lair:4 |    4441 |     339 |   7.1 |      14 |       8 |  36.4
     Lair:5 |     599 |       0 |   0.0 |       2 |       0 |   0.0
    Abyss:2 |    6877 |    1086 |  13.6 |      19 |       2 |   9.5
   Gauntlet |       0 |    3199 | 100.0 |       0 |      14 | 100.0
            +---------+---------+-------+---------+---------+-------
